 Dungeon Crawl Stone Soup version 0.29-a0-307-gecccbbdb84 (webtiles) character file.

Game seed: 18336267897061164101

0 Flugkiller the Sneak (level 1, -11/17 HPs)
             Began as a Vampire Delver on Mar 27, 2022.
             Mangled by a mummy (19 damage)
             ... in an ossuary.
             The game lasted 00:00:20 (86 turns).

Flugkiller the Sneak (Vampire Delver)                 Turns: 86, Time: 00:00:22

Health: -11/17     AC:  3    Str: 11    XL:     1   Next: 0%
Magic:  1/1        EV: 12    Int: 12    God:
Gold:   0          SH:  0    Dex: 15    Spells: 0/0 levels left

rFire   . . .      SeeInvis +   a - +0 short sword
rCold   . . .      Faith    .   (no shield)
rNeg    . . .      Spirit   .   b - +0 leather armour
rPois   .          Reflect  .   (no helmet)
rElec   .          Harm     .   (no cloak)
rCorr   .          Rampage  .   (no gloves)
Will    .....                   (no boots)
Stlth   +++.......              (no amulet)
HPRegen 0.25/turn               (no ring)
MPRegen 0.07/turn               (no ring)

@: healing quickly
A: alive, fangs 3, see invisible, vampiric 1
a: Exsanguinate


You were in an ossuary.
You visited 1 branch of the dungeon, and saw 1 of its levels.
You also visited: Ossuary.

Inventory:

Hand Weapons
 a - a +0 short sword (weapon)
Armour
 b - a +0 leather armour (worn)
Wands
 g - a wand of digging (3)
Scrolls
 c - a scroll of fog
 d - a scroll of magic mapping
Potions
 h - a potion of haste


   Skills:
 - Level 2.6 Fighting
 - Level 2.1 Short Blades
 + Level 2.1 Dodging
 - Level 7.2 Stealth


You couldn't memorise any spells.
You didn't know any spells.
Your spell library was empty.

Dungeon Overview and Level Annotations

Branches:
Dungeon (5/15)            Ossuary (1/1)
 Temple: D:4-7

Altars:


Innate Abilities, Weirdness & Mutations

Your natural rate of healing is accelerated.
You have razor-sharp teeth.
You have supernaturally acute eyesight. (SInv)
You are afflicted with vampirism.


Message History

You hear the hiss of flowing sand.
There is an entrance to an ossuary on this level.
Hurry and find it before the portal is buried!
Welcome, Flugkiller the Vampire Delver.
The heart of this dungeon contains the incredible artefact, the Orb of Zot.
Press ? for a list of commands and other information.
Found a stone staircase leading down.
A gnoll and a water moccasin come into view.
Found a stone staircase leading up.
There are monsters nearby!
You hear the slow hiss of an avalanche of sand.
The water moccasin hisses angrily.
The gnoll shouts!
You open the door.
The gnoll hits you from afar with a +0 halberd!
Found a sand-covered staircase.
The water moccasin bites you. The gnoll closely misses you.
There is an open door here.
The water moccasin bites you.
* * * LOW HITPOINT WARNING * * *
There is a sand-covered staircase here.
Okay, then.
As you read the scroll of fear, it crumbles to dust.
You assume a fearsome visage.
The gnoll looks frightened!
The water moccasin looks frightened!
The world spins around you as you enter the gateway.
You enter an ossuary!
Found a gate leading back out of this place.
There is an empty arch of ancient stone here.
You start resting.
A mummy opens the door.
A mummy is nearby!
The mummy moves out of view.
You hit the mummy but do no damage. You barely miss the mummy.
The mummy barely misses you.
You hit the mummy.
The mummy is moderately damaged.
The mummy barely misses you.
You hit the mummy but do no damage.
The mummy is moderately damaged.
You hit the mummy.
The mummy is heavily damaged.
The mummy hits you!!
Ouch! That really hurt!
You die...

#####
#∩..#
#.∩.#
#..@#
##M##
....
+#+#+


You could see a mummy.

Vanquished Creatures (others)
  A withered plant (Ossuary)
1 creature vanquished.

Notes
Turn   | Place    | Note
-------+----------+-------------------------------------------
     0 | D:5      | Flugkiller the Vampire Delver began the quest for the Orb.
     0 | D:5      | Reached XP level 1. HP: 17/17 MP: 1/1
    46 | D:5      | Noticed a water moccasin
    64 | D:5      | Found a sand-covered staircase.
    69 | Ossuary  | Entered an ossuary
    86 | Ossuary  | Mangled by a mummy

Illustrated notes

Levels and vault maps discovered:
D:5:      layout_basic, nicolae_wu_jian_immortal_techniques,
          minmay_temple_entry_statues_fountains, enter_ossuary_5,
          grunt_decor_cap, nicolae_sextant
Ossuary:  ossuary_zaba_flooded

Action                   || total
-------------------------++-------
Melee: Short sword       ||     5
  Use: Scroll            ||     1
Dodge: Dodged            ||     3

Table legend: (Time is in decaauts)
 A = Elapsed time spent in this place.
 B = Non-inter-level travel time spent in this place.
 C = Inter-level travel time spent in this place.
 D = Time resting spent in this place.
 E = Time spent auto-exploring this place.
 F = Levels seen in this place.
 G = Mean time per level.
                   A        B        C        D        E       F      G
               +--------+--------+--------+--------+--------+-----+--------+
         Total |     85 |     85 |      0 |     11 |     24 |   2 |   42.5 |
       Dungeon |     69 |     69 |      0 |      0 |     24 |   1 |   69.0 |
       Ossuary |     16 |     16 |      0 |     11 |      0 |   1 |   16.0 |
               +--------+--------+--------+--------+--------+-----+--------+

Top non-repeatable levels by time:
     D:5: 69 daAuts
 Ossuary: 16 daAuts
